 Dungeon Crawl Stone Soup version 0.30.1 (webtiles) character file.

Game seed: 10336131738117427019

802 Sanktem7 the Chopper (level 7, 0/62 HPs)
             Began as a Minotaur Fighter on July 11, 2023.
             Slain by an iguana (4 damage)
             ... on level 5 of the Dungeon.
             The game lasted 00:08:30 (4065 turns).

Sanktem7 the Chopper (Minotaur Fighter)             Turns: 4065, Time: 00:08:30

Health: 0/62       AC: 11    Str: 23    XL:     7   Next: 59%
Magic:  6/6        EV:  8    Int:  5    God:
Gold:   263        SH:  5    Dex:  9    Spells: 6/6 levels left

rFire   . . .        a - +0 war axe {axe}
rCold   + . .        c - +0 buckler
rNeg    . . .        y - +0 chain mail
rPois   +            (helmet restricted)
rElec   .            (no cloak)
rCorr   .            t - +0 pair of gloves
SInv    .            (no boots)
Will    .....        x - amulet of the acrobat Stlth
                     D - ring of protection from cold
HPRegen 0.30/turn    o - ring of poison resistance
MPRegen 0.10/turn

%: acrobat
@: no status effects
A: horns 2, retaliatory headbutt
a: no special abilities


You were on level 5 of the Dungeon.
You visited 1 branch of the dungeon, and saw 5 of its levels.
You also visited: Ossuary.

You collected 263 gold pieces.


Innate Abilities, Weirdness & Mutations

You have a pair of horns on your head.
You reflexively headbutt those who attack you in melee.


   Skills:
 + Level 5.8 Fighting
 * Level 6.9 Axes
 + Level 5.8 Armour
 + Level 5.8 Shields


You had 6 spell levels left.
You didn't know any spells.
Your spell library contained the following spells:

 Spells                   Type           Power      Damage    Failure   Level
 Shock                    Conj/Air       0%         1d3       98%         1
 Ozocubu's Armour         Ice            0%         N/A       100%        3
 Swiftness                Air            0%         N/A       100%        3
 Airstrike                Air            0%         2d(0-16)  100%        4
 Metabolic Englaciation   Hex/Ice        0%         N/A       100%        5
 Simulacrum               Ice/Necr       0%         N/A       100%        6

Inventory:

Hand Weapons
 a - a +0 war axe (weapon) {axe}
 j - a +1 dagger of venom {short}
   (You found it on level 1 of the Dungeon)
Missiles
 g - 13 poisoned darts (quivered) {throwing}
 h - 51 stones {throwing}
 E - 2 boomerangs of dispersal {=f!fthrowing}
Armour
 c - a +0 buckler (worn)
 t - a +0 pair of gloves (worn)
   (You found it on level 3 of the Dungeon)
 y - a +0 chain mail (worn)
   (You found it on level 4 of the Dungeon)
Jewellery
 o - a ring of poison resistance (right hand)
   (You took it off a hobgoblin on level 2 of the Dungeon)
 x - an amulet of the acrobat (around neck)
   (You found it on level 4 of the Dungeon)
 C - a ring of flight
   (You found it on level 4 of the Dungeon)
 D - a ring of protection from cold (left hand)
   (You found it on level 4 of the Dungeon)
Scrolls
 f - a scroll of magic mapping {unknown}
 i - a scroll of vulnerability {unknown}
 k - 3 scrolls of identify {unknown}
 l - a scroll of immolation {unknown}
 m - a scroll of teleportation {unknown}
 q - 2 scrolls of fear {unknown}
 u - a scroll of enchant weapon {unknown}
 v - 3 scrolls of blinking {unknown}
 w - 3 scrolls of acquirement {unknown}
 A - a scroll of enchant armour {unknown}
 B - a scroll of noise {unknown}
Potions
 b - 5 potions of curing {unknown}
 d - 5 potions of might
 e - 2 potions of berserk rage {unknown}
 n - a potion of mutation {unknown}
 p - a potion of brilliance
 r - a potion of flight {unknown}
 s - 2 potions of heal wounds {unknown}
 z - a potion of magic {unknown}

Dungeon Overview and Level Annotations

Branches:
Dungeon (5/15) Zot: 26268 Ossuary (visited)
 Temple: D:4-7

Altars:
Fedhas

Shops:
D:4

= .....#
###.##############
#.##...........#
#.##...........# Y. #
#.##...........####...
###.##...........#....
.##.##.............###
.##.##..........)###.#
.†#............)@l...#
#...............)###.#
###..................+
#...#######.######.#
#....>...............
#..########.######.#.≈.
#..#.............#.#.≈.≈.
#..##.#####..###.#.# ≈.≈.
#..##.# #..# #.# ≈.§≈


You could see an iguana.


Message History

You headbutt the centaur!
You kill the centaur!
The hound closely misses you. The hound bites you.
* * * LOW HITPOINT WARNING * * *
The hound bites you but does no damage. x2 😨 HP[-1]
You take 1 damage, and now have 24/61 hp.
An orc comes into view. It is wielding a +0 hand axe.
The hound closely misses you.
Things that are here:
a +0 shortbow {bow}; a scroll labelled MINIVA OROUMOX; a centaur corpse 😨 HP[+1]
You slash the hound!
You kill the hound!
You closely miss the hound. You block the hound's attack.
The hound bites you but does no damage.
You hit the ice beast. You closely miss the hound.
The hound bites you but does no damage. The ice beast barely misses you.
The hound bites you but does no damage.
You barely miss the ice beast. You slash the hound!
You kill the hound!
You barely miss the orc.
The sentinel's mark upon you fades away.
You block the ice beast's attack. The orc hits you but does no damage.
An orc wizard comes into view. It is wielding a +0 dagger. 😨 HP[+1]
You closely miss the ice beast. You hit the orc. The ice beast hits you.
* * * LOW HITPOINT WARNING * * *
The ice beast freezes you. You resist.
* * * LOW HITPOINT WARNING * * *
The orc hits you but does no damage.
The orc wizard gestures wildly while chanting.
The orc wizard flickers and vanishes!
Deactivating autopickup; reactivate with Ctrl-A.
The ice beast hits you but does no damage.
You block the orc's attack.
You hear a shout! 😨 HP[-5]
You take 5 damage, and now have 21/61 hp.
You completely miss the ice beast. You hit the orc but do no damage.
The ice beast hits you.
* * * LOW HITPOINT WARNING * * *
The ice beast freezes you. You resist.
* * * LOW HITPOINT WARNING * * *
You block the orc's attack.
An orc comes into view. It is wielding a +0 dagger. 😨 HP[-3]
You take 3 damage, and now have 18/61 hp.
You barely miss the ice beast. You miss something.
You hit the orc but do no damage. The ice beast completely misses you.
You furiously retaliate!
You headbutt the ice beast! You block the orc's attack. Something hits you.
* * * LOW HITPOINT WARNING * * *
You hit the ice beast. You headbutt the ice beast. You slash something!
You hit the orc.
The ice beast hits you but does no damage.
The orc barely misses you.
An iguana comes into view.
You block something's attack.
You hit the ice beast. Your headbutt misses the ice beast. You slash the orc!
You kill the orc!
You slash something!
Reactivating autopickup.
You feel a bit more experienced.
The ice beast hits you but does no damage. x2
The orc hits you but does no damage. 😨 HP[+1]
You now have 62 max hp (+1).
You closely miss the ice beast. Your headbutt misses the ice beast.
You slash the orc!
You kill the orc!
You hit the iguana.
The ice beast hits you but does no damage.
An orc comes into view. It is wielding a +0 flail.
You block the iguana's attack.
You hit the ice beast. You headbutt the ice beast.
You kill the ice beast!
You hit the iguana. The iguana bites you.
* * * LOW HITPOINT WARNING * * *
😱 HP[-4]
You take 4 damage, and now have 15/62 hp.
The orc barely misses you. You furiously retaliate!
You headbutt the orc. The iguana misses you.
You see here a hound corpse.
You barely miss the iguana. You hit the orc.
You kill the orc!
The iguana bites you.
* * * LOW HITPOINT WARNING * * *
😱 HP[-3]
You take 3 damage, and now have 12/62 hp.
You barely miss the iguana. You block the iguana's attack.
You hit the iguana but do no damage. Your headbutt misses the iguana.
The iguana bites you!
* * * LOW HITPOINT WARNING * * *
😱 HP[-8]
You take 8 damage, and now have 4/62 hp.
You hit the iguana but do no damage.
The iguana bites you but does no damage.
The iguana bites you.
You die...

Skill      XL: |  1  2  3  4  5  6 |
---------------+-------------------+-----
Axes           | 3 4 5 6 |  6.9
Armour         | 4 5 |  5.8
Shields        | 4 5 |  5.8
Fighting       | 4 5 |  5.8

Action                     |  1- 3 |  4- 6 |  7- 9 || total
---------------------------+-------+-------+-------++-------
  Melee: War axe           |    92 |   118 |    17 ||   227
         Headbutt          |    10 |    20 |     2 ||    32
    Use: Potion            |       |     2 |       ||     2
 Armour: Scale mail        |    43 |     7 |       ||    50
         Chain mail        |       |    90 |    22 ||   112
  Dodge: Dodged            |    46 |    69 |    13 ||   128
  Block: Buckler           |    18 |    36 |    10 ||    64

Levels and vault maps discovered:
D:1:      arrival_zaba_pyramid, layout_basic, basic_ecumenical_altar
D:2:      layout_basic, small_statue_intersection
D:3:      layout_rooms, fedhas_ov_isle_minmay
D:4:      layout_basic, serial_shops, shop, gup_ossuary_entry_pyramid,
          kennysheep_crisscross, grunt_ministairs_12
D:5:      layout_basic, kennysheep_mini_moat,
          mainiacjoe_overflow_concentric_impassable

Notes
Turn   | Place    | Note
-------+----------+-------------------------------------------
     0 | D:1      | Sanktem7 the Minotaur Fighter began the quest for the Orb.
     0 | D:1      | Reached XP level 1. HP: 19/19 MP: 0/0
     0 | D:1      | magus.rc [v1.9.6]
    72 | D:1      | Found a faded altar of an unknown god.
   219 | D:1      | You pick up a book of Air and begin reading...
   219 | D:1      | You add the spells Shock, Swiftness and Airstrike to your
                  | library.
   594 | D:1      | Reached XP level 2. HP: 27/27 MP: 1/1
   823 | D:1      | Reached skill level 3 in Axes
  1647 | D:2      | HP: 5/27 [kobold/+0 short sword (4)]
  1814 | D:2      | Reached skill level 4 in Armour
  1814 | D:2      | Reached XP level 3. HP: 33/33 MP: 2/2
  1889 | D:3      | Reached skill level 4 in Shields
  1898 | D:3      | Reached skill level 4 in Fighting
  2347 | D:3      | Found a blossoming altar of Fedhas.
  2416 | D:4      | Reached XP level 4. HP: 23/40 MP: 3/3
  2417 | D:4      | Reached skill level 4 in Axes
  2787 | D:4      | Reached XP level 5. HP: 35/47 MP: 4/4
  2791 | D:4      | Found a sand-covered staircase.
  2797 | D:4      | HP: 11/47 [mummy (7)]
  2803 | Ossuary  | Entered an ossuary
  3043 | Ossuary  | Reached skill level 5 in Axes
  3053 | Ossuary  | HP: 10/47 [human zombie (3)]
  3055 | Ossuary  | Reached XP level 6. HP: 13/55 MP: 5/5
  3057 | Ossuary  | HP: 3/55 [human zombie (4)]
  3066 | Ossuary  | Reached skill level 5 in Shields
  3067 | Ossuary  | Reached skill level 5 in Fighting
  3067 | Ossuary  | Reached skill level 5 in Armour
  3250 | D:4      | Found Jokhudi's Jewellery Shoppe.
  3918 | D:5      | Entered Level 5 of the Dungeon
  3998 | D:5      | You pick up a book of Winter and begin reading...
  3998 | D:5      | You add the spells Ozocubu's Armour, Metabolic Englaciation
                  | and Simulacrum to your library.
  4043 | D:5      | Noticed an ice beast
  4047 | D:5      | Reached skill level 6 in Axes
  4047 | D:5      | Reached XP level 7. HP: 26/61 MP: 6/6
  4060 | D:5      | HP: 15/62 [iguana (5)]
  4064 | D:5      | HP: 4/62 [iguana (9)]
  4065 | D:5      | Slain by an iguana

Vanquished Creatures
  A black bear (D:5)
  An ice beast (D:5)
  A centaur (D:5)
  4 human zombies (Ossuary)
  2 hounds (D:5)
  An orc wizard (D:5)
  3 iguanas
  3 mummies
  10 gnolls (D:4)
  2 adders
  An ufetubus (D:4)
  An adder zombie (Ossuary)
  3 worms
  A dart slug (D:3)
  4 orcs
  3 bats
  3 endoplasms
  3 giant cockroaches
  4 hobgoblins
  3 jackals (D:5)
  2 quokkas
  6 ball pythons
  3 frilled lizards
  3 goblins (D:1)
  A goblin zombie (Ossuary)
  8 hobgoblin zombies (Ossuary)
  2 jackal zombies (Ossuary)
  8 kobolds
  9 kobold zombies (Ossuary)
  11 orc zombies (Ossuary)
  3 rats
  A rat zombie (Ossuary)
111 creatures vanquished.

Table legend:
 A = Non-vault XP
 B = Vault XP
 C = Vault XP percentage of total XP
 D = Non-vault monster count
 E = Vault monster count
 F = Vault count percentage of total count
                 A         B        C        D         E       F
            +---------+---------+-------+---------+---------+-------
      Total |     834 |     313 |  27.3 |      67 |      44 |  39.6
            +---------+---------+-------+---------+---------+-------
        D:1 |      19 |       0 |   0.0 |      12 |       0 |   0.0
        D:2 |      22 |       0 |   0.0 |      14 |       0 |   0.0
        D:3 |      35 |       0 |   0.0 |      13 |       0 |   0.0
        D:4 |     206 |      64 |  23.7 |      15 |       5 |  25.0
        D:5 |     552 |       0 |   0.0 |      13 |       0 |   0.0
    Ossuary |       0 |     249 | 100.0 |       0 |      39 | 100.0
            +---------+---------+-------+---------+---------+-------

Skill      XL: |  1  2  3  4  5  6 |
---------------+-------------------+-----
Axes           | 3 4 5 6 |  6.9
Armour         | 4 5 |  5.8
Shields        | 4 5 |  5.8
Fighting       | 4 5 |  5.8

Action                     |  1- 3 |  4- 6 |  7- 9 || total
---------------------------+-------+-------+-------++-------
  Melee: War axe           |    92 |   118 |    17 ||   227
         Headbutt          |    10 |    20 |     2 ||    32
    Use: Potion            |       |     2 |       ||     2
 Armour: Scale mail        |    43 |     7 |       ||    50
         Chain mail        |       |    90 |    22 ||   112
  Dodge: Dodged            |    46 |    69 |    13 ||   128
  Block: Buckler           |    18 |    36 |    10 ||    64

Illustrated notes

Table legend:
 A = Kills in this place as a percentage of kills in the entire game.
 B = Kills by you in this place as a percentage of kills by you in the entire game.
 C = Kills by friends in this place as a percentage of kills by friends in the entire game.
 D = Other kills in this place as a percentage of other kills in the entire game.
 E = Experience gained in this place as a percentage of experience gained in the entire game.
 F = Experience gained in this place divided by the number of levels of this place that you have seen.
                   A       B       C       D       E      F
               +-------+-------+-------+-------+-------+----------------------
         Total | 100.0 | 100.0 |   N/A |   N/A | 100.0 | 191.2
       Dungeon |  64.9 |  64.9 |   N/A |   N/A |  78.3 | 179.6
       Ossuary |  35.1 |  35.1 |   N/A |   N/A |  21.7 | 249.0
               +-------+-------+-------+-------+-------+----------------------

Table legend: (Time is in decaauts)
 A = Elapsed time spent in this place.
 B = Non-inter-level travel time spent in this place.
 C = Inter-level travel time spent in this place.
 D = Time resting spent in this place.
 E = Time spent auto-exploring this place.
 F = Levels seen in this place.
 G = Mean time per level.
                   A        B        C        D        E       F      G
               +--------+--------+--------+--------+--------+-----+--------+
         Total |   4136 |   3755 |    381 |    176 |   2728 |   6 |  689.3 |
       Dungeon |   3729 |   3348 |    381 |      0 |   2629 |   5 |  745.8 |
       Ossuary |    406 |    406 |      0 |    176 |     99 |   1 |  406.0 |
               +--------+--------+--------+--------+--------+-----+--------+

Top non-repeatable levels by time:
     D:4: 1147 daAuts
     D:1: 1110 daAuts
     D:2: 790 daAuts
     D:3: 527 daAuts
 Ossuary: 406 daAuts
     D:5: 154 daAuts
